 Dungeon Crawl Stone Soup version 0.31.0-12-g77e489cdc1 (webtiles) character file.

Game seed: 9855353841264245171

536 Silvore the Slasher (level 7, -3/54 HPs)
             Began as a Demonspawn Fighter on Feb 15, 2024.
             Killed by nerve-wracking pain
             ... invoked by Grinder
              (14 damage)
             ... on level 5 of the Dungeon.
             The game lasted 00:04:36 (4014 turns).

Silvore the Slasher (Demonspawn Fighter)            Turns: 4014, Time: 00:04:37

Health: -3/54      AC:  9    Str: 19    XL:     7   Next: 4%
Magic:  7/7        EV:  8    Int:  8    God:
Gold:   283        SH:  7    Dex: 12    Spells: 6/6 levels left

rFire   . . .        a - +1 long sword (venom)
rCold   . . .        h - +3 buckler
rNeg    . . .        j - +0 chain mail
rPois   +            (helmet restricted)
rElec   .            (no cloak)
rCorr   .            (no gloves)
SInv    .            (no boots)
Will    .....        (no amulet) Stlth
                     m - ring of poison resistance
HPRegen 0.29/turn    (no ring)
MPRegen 0.10/turn

%: no passive effects
@: no status effects
A: hooves 2, horns 1, weakness stinger 1
a: no special abilities


You were on level 5 of the Dungeon.
You visited 1 branch of the dungeon, and saw 5 of its levels.

You collected 283 gold pieces.

Inventory:

Hand Weapons
 a - a +1 long sword of venom (weapon)
Armour
 b - a +0 scale mail
 c - a +0 buckler
 g - a +0 helmet
 h - a +3 buckler (worn)
 j - a +0 chain mail (worn)
Jewellery
 e - a ring of wizardry
 m - a ring of poison resistance (left hand)
Scrolls
 f - a scroll of revelation
 k - a scroll of blinking
 q - a scroll of enchant armour
Potions
 d - 5 potions of curing
 i - a potion of mutation
 l - a potion of magic {unknown}
 n - a potion of haste {unknown}
 o - a potion of attraction {unknown}
 p - 3 potions of heal wounds {unknown}


   Skills:
 + Level 4.0 Fighting
 + Level 4.7 Long Blades
 + Level 4.2 Armour
 + Level 1.3 Dodging
 + Level 0.4 Stealth
 + Level 3.5 Shields


You had 6 spell levels left.
You didn't know any spells.
Your spell library contained the following spells:

 Spells                   Type           Power      Damage    Failure   Level
 Apportation              Tloc           0%         N/A       99%         1
 Necrotise                Necr           0%         1d4       99%         1
 Sting                    Conj/Alch      0%         1d3       99%         1
 Summon Small Mammal      Summ           0%         N/A       99%         1
 Ensorcelled Hibernation  Hex/Ice        0%         N/A       100%        2
 Hailstorm                Conj/Ice       0%         3d5       100%        3
 Passwall                 Erth           0%         N/A       100%        3
 Summon Ice Beast         Ice/Summ       0%         N/A       100%        3
 Swiftness                Air            0%         N/A       100%        3
 Summon Mana Viper        Hex/Summ       0%         N/A       100%        5
 Sculpt Simulacrum        Ice/Alch       0%         N/A       100%        6
 Monstrous Menagerie      Summ           0%         N/A       100%        7


Dungeon Overview and Level Annotations

Branches:
Dungeon (5/15)
 Temple: D:4-7

Altars:
Nemelex Xobeh

Annotations:
D:5 1 runed translucent door, Grinder


Innate Abilities, Weirdness & Mutations

You have hoof-like feet.
You have a pair of small horns on your head.
You have a small tail.


Message History

You suddenly lose the ability to move!
Grinder hits you.
You writhe in agony.
The dart slug completely misses you.
Grinder blinks!
The dart slug bites you but does no damage.
Grinder gestures at you. Pain shoots through your body!
You can move again.
You hit the dart slug.
The dart slug is poisoned.
You kick the dart slug. You headbutt the dart slug.
You kill the dart slug!
You hit Grinder but do no damage.
Grinder is lightly wounded.
Grinder hits you but does no damage.
You barely miss Grinder. Your kick misses Grinder.
Grinder is lightly wounded.
You block Grinder's attack.
You slash Grinder! You kick Grinder.
Your tail-slap misses Grinder.
Grinder is moderately wounded.
Grinder hits you.
You writhe in agony.
You hit Grinder.
Grinder is poisoned.
You kick Grinder!
Grinder is heavily wounded.
You block Grinder's attack.
You barely miss Grinder. Your kick misses Grinder.
Grinder is heavily wounded.
Grinder gestures at you. Pain shoots through your body! Grinder hits you.
* * * LOW HITPOINT WARNING * * *
You completely miss Grinder. You kick Grinder. Your headbutt misses Grinder.
Grinder is severely wounded.
Grinder gestures at you. Pain shoots through your body!
* * * LOW HITPOINT WARNING * * *
You barely miss Grinder.
Grinder is severely wounded.
Grinder hits you but does no damage.
Unknown command.
You feel better. Grinder gestures at you. Pain shoots through your body!
You die...
Grinder sighs, "Dead already?
I want a refund."

.# ...... .# .... ..
.################.###.##+
.....................#
.################.##.# .#
#.##.# .# #.#..# .#
###### ######...###
.##.....# #...5@.....#
.#......# #........###
.#......# #........#
........# #........#
........# #...+++..#
..<.....# ##.. .##
.....(..# #.. ##
#....#### ... ......#


You could see Grinder (poisoned).

Vanquished Creatures
  Sigmund (D:2)
  A scorpion (D:4)
  A bombardier beetle (D:4)
  A hound (D:4)
  2 iguanas
  Terence (D:2)
  An orc wizard (D:4)
  A gnoll (D:2)
  4 adders
  A ribbon worm (D:2)
  6 dart slugs
  20 orcs
  4 endoplasms
  3 giant cockroaches
  8 hobgoblins
  3 jackals (D:3)
  2 quokkas
  3 ball pythons
  5 bats
  3 frilled lizards
  A goblin (D:2)
  7 kobolds
  5 rats
84 creatures vanquished.

Notes
Turn   | Place    | Note
-------+----------+-------------------------------------------
     0 | D:1      | Silvore the Demonspawn Fighter began the quest for the Orb.
     0 | D:1      | Reached XP level 1. HP: 18/18 MP: 1/1
   480 | D:1      | Discovered your monstrous ancestry.
   480 | D:1      | Gained mutation: You have a small tail. [demonic ancestry]
   480 | D:1      | Reached XP level 2. HP: 21/24 MP: 2/2
  1116 | D:2      | Reached XP level 3. HP: 29/29 MP: 3/3
  1188 | D:2      | Noticed Sigmund
  1207 | D:2      | Killed Sigmund
  1208 | D:2      | Gained mutation: You have large cloven feet. [demonic
                  | ancestry]
  1208 | D:2      | Reached XP level 4. HP: 6/36 MP: 4/4
  1208 | D:2      | Gained mutation: You have hoof-like feet. [demonic
                  | ancestry]
  1208 | D:2      | Reached XP level 5. HP: 7/41 MP: 5/5
  1653 | D:2      | Noticed Terence
  1661 | D:2      | Killed Terence
  2166 | D:3      | Gained mutation: You have a pair of small horns on your
                  | head. [demonic ancestry]
  2166 | D:3      | Reached XP level 6. HP: 39/48 MP: 6/6
  2289 | D:3      | Found a sparkling altar of Nemelex Xobeh.
  3288 | D:4      | Reached skill level 1 in Dodging
  3500 | D:4      | Reached XP level 7. HP: 43/54 MP: 7/7
  3861 | D:5      | Entered Level 5 of the Dungeon
  3994 | D:5      | Noticed Grinder
  3995 | D:5      | Found a runed translucent gate.
  4001 | D:5      | Paralysed by Grinder for 3 turns
  4012 | D:5      | HP: 1/54 [Grinder/nerve-wracking pain (13)]
  4014 | D:5      | Killed from afar by Grinder

Illustrated notes

Levels and vault maps discovered:
D:1:      ebering_trefoil_twist, layout_basic, chequers_big_river
D:2:      layout_loops_corners, grunt_ministairs_1, minmay_pentomino_w4,
          uniq_terence, uniq_sigmund
D:3:      layout_basic, mainiacjoe_overflow_alcove_2, kennysheep_potato
D:4:      layout_gridville
D:5:      layout_basic, gammafunk_ghost_nasty_kobolds, serial_shops,
          nicolae_shop_tiny_real_fake_doors, uniq_grinder, uniq_ijyb

Skill      XL: |  1  2  3  4  5  6 |
---------------+-------------------+-----
Long Blades    | 2 3 4 |  4.7
Shields        | 3 |  3.5
Armour         | 3 4 |  4.2
Dodging        | 1 |  1.3
Fighting       | 4 |  4.0
Stealth        | |  0.4

Action                     |  1- 3 |  4- 6 |  7- 9 || total
---------------------------+-------+-------+-------++-------
  Melee: Long sword        |    56 |   136 |    13 ||   205
         Tailslap          |     2 |     9 |       ||    11
         Kick              |       |    33 |     5 ||    38
         Headbutt          |       |    11 |     2 ||    13
    Use: Scroll            |     2 |     7 |     2 ||    11
         Potion            |     3 |       |     1 ||     4
 Armour: Scale mail        |    13 |       |       ||    13
         Chain mail        |    55 |   116 |     9 ||   180
  Dodge: Dodged            |    18 |    39 |     3 ||    60
  Block: Buckler           |    22 |    47 |     4 ||    73
